 Dungeon Crawl Stone Soup version 0.26-a0-812-g31a745ddcd (webtiles) character file.

Game seed: 1201347431746412548

1 kae the Insei (level 1, -1/12 HPs)
             Began as a Tengu Transmuter on Nov 23, 2020.
             Slain by a leopard gecko (2 damage)
             ... on level 1 of the Dungeon.
             The game lasted 00:00:09 (58 turns).

kae the Insei (Tengu Transmuter)                      Turns: 58, Time: 00:00:10

Health: -1/12      AC:  2    Str: 10    XL:     1   Next: 20%
Magic:  4/4        EV: 12    Int: 13    God:
Gold:   0          SH:  0    Dex: 14    Spells: 3/4 levels left

rFire    . . .     SeeInvis .     - Unarmed
rCold    . . .     Faith    .   (no shield)
rNeg     . . .     Spirit   .   a - +0 robe
rPois    .         Reflect  .   (helmet restricted)
rElec    .         Harm     .   (no cloak)
rCorr    .         Rampage  .   (no gloves)
MR       .....                  (boots unavailable)
Stlth    +.........             (no amulet)
HPRegen  0.04/turn              (no ring)
MPRegen  0.09/turn              (no ring)

@: no status effects
A: beak, talons 3
a: no special abilities


You were on level 1 of the Dungeon.
You visited 1 branch of the dungeon, and saw 1 of its levels.

Inventory:

Armour
 a - a +0 robe (worn)
Scrolls
 b - a scroll of teleportation {unknown}
Potions
 c - 2 potions of brilliance {unknown}


   Skills:
 + Level 1.0 Fighting
 + Level 0.0 Armour
 - Level 2.1 Dodging
 * Level 3.3 Unarmed Combat
 + Level 2.0 Spellcasting
 * Level 1.6 Transmutations


You had 3 spell levels left.
You knew the following spells:

 Your Spells              Type           Power        Failure   Level
a - Beastly Appendage     Tmut           #.....       13%         1

Your spell library contained the following spells:

 Spells                   Type           Power        Failure   Level
 Wereblood                Tmut           #.......     21%         2
 Spider Form              Tmut/Pois      #.........   50%         3
 Ice Form                 Ice/Tmut       #.......     88%         4
 Blade Hands              Tmut           #.........   98%         5


Dungeon Overview and Level Annotations

Branches:
Dungeon (1/15)

Altars:


Innate Abilities, Weirdness & Mutations

You have a beak for a mouth.
You have claws for feet.


Message History

You are too injured to fight recklessly!
You are too injured to fight recklessly!
You are too injured to fight recklessly!
You miss the leopard gecko. The leopard gecko bites you.
You hit the leopard gecko.
The leopard gecko is lightly wounded.
The leopard gecko bites you.
* * * LOW HITPOINT WARNING * * *
You hit the leopard gecko but do no damage.
The leopard gecko is lightly wounded.
The leopard gecko closely misses you.
You hit the leopard gecko.
The leopard gecko is heavily wounded.
The leopard gecko closely misses you.
You hit the leopard gecko but do no damage.
You headbutt the leopard gecko, but do no damage.
The leopard gecko is heavily wounded.
Your horns disappear.
The leopard gecko bites you.
You die...

####.)...#..(#......#
#............#......#
#....##......#......##.#
#....''......'.(........
#....##......###.#####.
#....##......# #(#
.....######### #(# ###.#
#....###########'#......
.........##.....@..#
.........##....)l..#
..........+........#
.....♣....#..........
....8.....#........###
.<........###......#
..........# #......#
..........# #......#
..........#


You could see a leopard gecko.

Vanquished Creatures
  A kobold (D:1)
  A rat (D:1)
2 creatures vanquished.

Notes
Turn   | Place    | Note
-------+----------+-------------------------------------------
     0 | D:1      | kae the Tengu Transmuter began the quest for the Orb.
     0 | D:1      | Reached XP level 1. HP: 12/12 MP: 4/4
    58 | D:1      | Slain by a leopard gecko

Illustrated notes

Levels and vault maps discovered:
D:1:      wander_arrival_lonely_grave, layout_basic, minivault_25

Action                   || total
-------------------------++-------
Melee: Unarmed           ||     9
       Headbutt          ||     2
       Peck              ||     1
 Cast: Beastly Appendage ||     2
Armor: Robe              ||     2
Dodge: Dodged            ||     6

Table legend: (Time is in decaauts)
 A = Elapsed time spent in this place.
 B = Non-inter-level travel time spent in this place.
 C = Inter-level travel time spent in this place.
 D = Time resting spent in this place.
 E = Time spent auto-exploring this place.
 F = Levels seen in this place.
 G = Mean time per level.
                   A        B        C        D        E       F      G
               +--------+--------+--------+--------+--------+-----+--------+
         Total |     57 |     57 |      0 |      0 |     37 |   1 |   57.0 |
       Dungeon |     57 |     57 |      0 |      0 |     37 |   1 |   57.0 |
               +--------+--------+--------+--------+--------+-----+--------+

Top non-repeatable levels by time:
     D:1: 57 daAuts
